 Dungeon Crawl Stone Soup version 0.24-a0-271-ga0fc33f724 (webtiles) character file.

Game seed: 1964695707812452672

4539 Redear the Protected (level 10, -3/96 HPs)
             Began as a Deep Dwarf Fighter on Apr 23, 2019.
             Was an Initiate of Makhleb.
             Killed from afar by a ynoxinul (4 damage)
             ... with an iron shot
             ... while paralysed
             ... on level 2 of the Abyss.
             The game lasted 00:28:08 (8242 turns).

Redear the Protected (Deep Dwarf Fighter)           Turns: 8242, Time: 00:28:08

Health: -3/96      AC: 25    Str:  8 (19) XL:     10   Next: 17%
Magic:  0/0        EV:  2    Int:  0 (5)  God:    Makhleb [......]
Gold:   417        SH:  0    Dex:  0 (8)  Spells: 9/9 levels left

rFire    + . .     SeeInvis .   p - +0 hand axe (venom)
rCold    + . .     Gourm    .   r - +2 shield of Resistance {rF+ rC+ MR+}
rNeg     + + +     Faith    .   (armour currently unavailable)
rPois    +         Spirit   .   (helmet currently unavailable)
rElec    .         Reflect  .   (cloak currently unavailable)
rCorr    +         Harm     .   (gloves currently unavailable)
MR       ++...     Rnd*Rage +   (boots currently unavailable) Stlth ..........NoTele +
                                (no amulet)
HPRegen  0.00/turn              g - ring of resist corrosion
MPRegen  0.07/turn              t - ring of teleportation (curse) {+/*tele}

@: paralysed, tree-form, non-regenerating, hasted and slowed, lost intelligence,
lost dexterity
A: damage resistance, heal wounds, [berserk 3], [blurry vision 3], [clumsy 2],
[deterioration 2], [dopey 2], [frail 3], [low mp 3], sense surroundings 2,
screaming 1[+2], [weak 2], [no potion heal 3], [subdued magic 3], no
regeneration
a: Heal Wounds, Renounce Religion


You were on level 2 of the Abyss.
You worshipped Makhleb.
Makhleb was noncommittal.
You were not hungry.
You were a tree.
You visited 2 branches of the dungeon, and saw 9 of its levels.
You visited the Abyss 1 time.

You collected 417 gold pieces.

Inventory:

Hand Weapons
 a - a +0 war axe
 e - the cursed +1 rapier "Esmakyn" {vamp, rPois, unknown}
   (You found it on level 2 of the Abyss)

   It inflicts no extra harm, but heals its wielder when it wounds a living foe.
   It protects you from poison.
   It has a curse placed upon it.
 p - a +0 hand axe of venom (weapon)
Armour
 b - a +0 scale mail (melded)
 c - a +0 shield
 r - the +2 shield of Resistance (worn) {rF+ rC+ MR+}
   (You found it on level 4 of the Dungeon)

   It protects you from fire.
   It protects you from cold.
   It affects your resistance to hostile enchantments.
 w - a +0 pair of boots
Jewellery
 g - a ring of resist corrosion (left branch)
 n - an uncursed ring of wizardry {unknown}
 t - a cursed ring of teleportation (right branch) {+/*tele}
Wands
 y - a wand of disintegration (11)
 S - a wand of scattershot (3)
Scrolls
 f - a scroll of blinking {unknown}
 h - a scroll of amnesia {unknown}
 j - 4 scrolls of enchant weapon
 k - 3 scrolls of fear {unknown}
 l - a scroll of random uselessness {unknown}
 m - 4 scrolls of immolation
 u - a scroll of magic mapping {unknown}
 v - 2 scrolls of fog {unknown}
 N - 5 scrolls of remove curse {@r2}
 R - 3 scrolls of identify {@r1}
 T - a scroll of teleportation {@r3}
Potions
 d - 5 potions of might {Str+5 DMG+1d10 | @q3}
 i - a potion of lignification
 s - a potion of degeneration {!q}
 H - 2 potions of haste
 Q - a potion of curing {@q2}
Comestibles
 z - 18 rations


   Skills:
 - Level 6.6 Fighting
 - Level 7.4 Axes
 - Level 8.0 Armour
 - Level 6.6 Dodging
 - Level 7.9 Shields
 + Level 4.4 Invocations


You had 9 spell levels left.
You didn't know any spells.
Your spell library contained the following spells:

 Spells                   Type           Power        Failure   Level  Hunger
 Animate Skeleton         Necr           N/A          80%         1    ##.....
 Apportation              Tloc           #.....       80%         1    ##.....
 Confusing Touch          Hex            #.....       80%         1    ##.....
 Summon Small Mammal      Summ           #...         80%         1    ##.....


Dungeon Overview and Level Annotations

Branches:
Dungeon (8/15)             Temple (1/1) D:7
   Lair: D:8-11

Altars:
Ashenzari
Cheibriados
Dithmenos
Elyvilon
Fedhas
Gozag
Hepliaklqana
Kikubaaqudgha
Makhleb
Nemelex Xobeh
Okawaru
Qazlal
Ru
Sif Muna
Trog
Uskayaw
Vehumet
Wu Jian
Xom
Yredelemnul
Zin
The Shining One

Annotations:
D:8 dricus's ghost, novice DECj


Innate Abilities, Weirdness & Mutations

You are resistant to damage.
You can heal yourself by infusing magical energy.
You passively map the area around you.
You do not regenerate.
[You have an uncontrollable temper.]
[Scrolls take you much longer to read.]
[You are very clumsy. (Dex -4)]
[((Armour fits poorly on your strangely shaped body.))]
[Your body often deteriorates upon taking damage.]
[You are very dopey. (Int -4)]
[You are extremely frail. (-30% HP)]
[Your magical capacity is extremely low. (-30% MP)]
[You frequently scream uncontrollably at your foes.]
[((You are sometimes teleported next to monsters.))]
[You are very weak. (Str -4)]
[Potions cannot restore your health.]
[Your spells are much easier to cast, but much less powerful.]


Message History

You closely miss the ynoxinul. You completely miss the ynoxinul.
You block the ynoxinul's attack.
You hit the ynoxinul.
The ynoxinul is poisoned.
The ynoxinul is lightly wounded.
The ynoxinul hits you but does no damage.
You closely miss the ynoxinul.
The ynoxinul is lightly wounded.
The ynoxinul hits you but does no damage.
You hit the ynoxinul.
The ynoxinul is moderately wounded.
You block the ynoxinul's attack.
You closely miss the ynoxinul.
The ynoxinul is moderately wounded.
The ynoxinul gestures at you. The iron shot hits you!!
* * * LOW HITPOINT WARNING * * *
Your body deteriorates!
You feel clumsy.
You have lost your dexterity.
The ynoxinul gestures at you. The iron shot hits you!
You die...

.......#
###...
#.## #. ..
...# # #
......## #
#. ##..# #
#...#..#..
#...55# #
# #.553##
#...# #♣#
#. . ##.#
## ... ###
# # # .


You could see a ynoxinul and 4 ufetubi.

Vanquished Creatures
  Pikel (D:5)
  A blink frog (shapeshifter) (Abyss:2)
  A human (D:7)
  4 hogs (D:7)
  A water moccasin (D:6)
  3 ice beasts
  4 sky beasts
  A black bear (D:5)
  An orc warrior (D:7)
  2 ogres
  4 centaurs
  3 big kobolds (D:8)
  4 bullfrogs
  A wyvern zombie (D:7)
  A wyvern skeleton (D:4)
  A scorpion (D:6)
  A water moccasin skeleton (D:6)
  3 crimson imps
  A bullfrog zombie (D:6)
  6 hounds
  3 jellies
  2 bullfrog skeletons
  5 orc priests
  An iguana (D:6)
  5 worker ants
  An orc wizard (D:6)
  A hound zombie (D:4)
  2 hound skeletons
  14 gnolls
  8 adders
  An ufetubus (Abyss:2)
  An ooze (D:7)
  An adder skeleton (D:6)
  2 adder zombies
  5 leopard geckos
  22 orcs
  A ball python (D:3)
  2 giant cockroaches
  8 goblins
  4 hobgoblins (D:3)
  12 jackals
  3 quokkas
  3 bats
  4 frilled lizards
  6 kobolds
  2 leopard gecko zombies (D:6)
  4 rats
167 creatures vanquished.

Vanquished Creatures (others)
  A fungus (D:8)
  2 plants
  7 starspawn tentacles (Abyss:2)
10 creatures vanquished.

Grand Total: 177 creatures vanquished

Notes
Turn   | Place    | Note
-------+----------+-------------------------------------------
     0 | D:1      | Redear the Deep Dwarf Fighter began the quest for the Orb.
     0 | D:1      | Reached XP level 1. HP: 20/20 MP: 1/1
   341 | D:1      | Reached XP level 2. HP: 25/27 MP: 2/2
  1026 | D:2      | Found a radiant altar of Vehumet.
  1197 | D:2      | Reached skill level 3 in Fighting
  1197 | D:2      | Reached XP level 3. HP: 31/34 MP: 3/3
  1435 | D:2      | Found a sacrificial altar of Ru.
  2167 | D:3      | Reached skill level 3 in Axes
  2178 | D:3      | Reached XP level 4. HP: 22/42 MP: 4/4
  2184 | D:3      | Reached skill level 4 in Armour
  2461 | D:3      | Reached skill level 4 in Shields
  2468 | D:3      | HP: 3/42 [gnoll/+0 halberd (7)]
  2734 | D:3      | Found a shattered altar of Ashenzari.
  2997 | D:3      | Found an iron altar of Okawaru.
  2999 | D:3      | Reached skill level 1 in Dodging
  2999 | D:3      | Reached XP level 5. HP: 37/49 MP: 5/5
  3182 | D:4      | Found an ornate altar of the Wu Jian Council.
  3293 | D:4      | Found a glowing silver altar of Zin.
  3294 | D:4      | Found a sparkling altar of Nemelex Xobeh.
  3349 | D:4      | Noticed an ogre
  3365 | D:4      | Killed an ogre
  3365 | D:4      | Reached skill level 2 in Dodging
  3365 | D:4      | Reached XP level 6. HP: 15/57 MP: 6/6
  3403 | D:4      | Found the +2 shield of Resistance {rF+ rC+ MR+}
  3419 | D:4      | Reached skill level 4 in Axes
  3524 | D:4      | HP: 1/57 [wyvern skeleton (8)]
  3525 | D:4      | Your magical essence is drained by the effort!
  3631 | D:4      | Found a blossoming altar of Fedhas.
  3864 | D:5      | Entered Level 5 of the Dungeon
  3864 | D:5      | Noticed a sky beast
  3869 | D:5      | Reached skill level 4 in Fighting
  3893 | D:5      | Killed a sky beast
  3893 | D:5      | Reached skill level 5 in Armour
  3893 | D:5      | Reached skill level 5 in Shields
  3893 | D:5      | Reached XP level 7. HP: 36/64 MP: 6/6
  4243 | D:5      | Reached skill level 3 in Dodging
  4408 | D:5      | Reached skill level 5 in Axes
  4408 | D:5      | Reached XP level 8. HP: 53/73 MP: 7/7
  4663 | D:5      | Noticed Pikel
  4678 | D:5      | Killed Pikel
  4678 | D:5      | Reached skill level 5 in Fighting
  4678 | D:5      | Reached skill level 6 in Armour
  4678 | D:5      | Reached skill level 4 in Dodging
  4678 | D:5      | Reached skill level 6 in Shields
  5173 | D:6      | Reached skill level 6 in Axes
  5210 | D:6      | Reached skill level 5 in Dodging
  5306 | D:6      | Gained mutation: You passively map the area around you.
                  | [Deep Dwarf growth]
  5306 | D:6      | Reached XP level 9. HP: 43/81 MP: 8/8
  5460 | D:6      | Reached skill level 7 in Armour
  5467 | D:6      | Your magical essence is drained by the effort!
  5527 | D:6      | Reached skill level 7 in Shields
  6225 | D:7      | Reached skill level 6 in Fighting
  6385 | D:7      | Reached skill level 6 in Dodging
  6406 | D:7      | Your magical essence is drained by the effort!
  6429 | D:7      | Reached skill level 7 in Axes
  6904 | D:7      | Found a staircase to the Ecumenical Temple.
  6955 | D:7      | Reached skill level 8 in Armour
  6955 | D:7      | Reached XP level 10. HP: 24/92 MP: 7/7
  7005 | Temple   | Entered the Ecumenical Temple
  7014 | Temple   | Became a worshipper of Makhleb the Destroyer
  7097 | D:8      | Reached skill level 1 in Invocations
  7111 | D:8      | Found a runed translucent gate.
  7111 | D:8      | Found a runed translucent gate.
  7111 | D:8      | Noticed dricus's ghost (novice DECj)
  7112 | D:8      | Found a runed translucent gate.
  7138 | D:8      | Reached skill level 2 in Invocations
  7146 | D:8      | Reached skill level 3 in Invocations
  7146 | D:8      | Cast into level 1 of the Abyss (big kobold)
  7195 | Abyss:1  | Noticed a wretched star
  7213 | Abyss:1  | Noticed a thrashing horror
  7217 | Abyss:1  | Noticed a thrashing horror
  7280 | Abyss:1  | Noticed a large abomination
  7325 | Abyss:1  | Noticed a cyan ugly thing
  7325 | Abyss:1  | Noticed a thrashing horror
  7325 | Abyss:1  | Noticed a smoke demon
  7325 | Abyss:1  | Noticed a purple ugly thing
  7325 | Abyss:1  | Noticed an apocalypse crab
  7328 | Abyss:1  | Noticed an eye of devastation
  7337 | Abyss:1  | Your magical essence is drained by the effort!
  7338 | Abyss:1  | Noticed a catoblepas
  7344 | Abyss:1  | Noticed an apocalypse crab
  7345 | Abyss:1  | Noticed a spatial maelstrom
  7365 | Abyss:1  | Your magical essence is drained by the effort!
  7367 | Abyss:1  | Your magical essence is drained by the effort!
  7368 | Abyss:1  | Your magical essence is drained by the effort!
  7447 | Abyss:2  | Noticed a starcursed mass
  7460 | Abyss:2  | Paralysed by accursed screaming for 2 turns
  7462 | Abyss:2  | Your magical essence is drained by the effort!
  7464 | Abyss:2  | Your magical essence is drained by the effort!
  7478 | Abyss:2  | Noticed a wretched star
  7487 | Abyss:2  | Your magical essence is drained by the effort!
  7523 | Abyss:2  | Noticed a thrashing horror
  7555 | Abyss:2  | Found a corrupted altar of Lugonu.
  7572 | Abyss:2  | Gained mutation: [You occasionally shout uncontrollably at
                  | your foes.] [a neqoxec]
  7580 | Abyss:2  | Noticed a smoke demon
  7668 | Abyss:2  | Found a corrupted altar of Lugonu.
  7691 | Abyss:2  | Noticed a large abomination
  7708 | Abyss:2  | Your magical essence is drained by the effort!
  7745 | Abyss:2  | Noticed a thrashing horror
  7754 | Abyss:2  | Noticed a spatial maelstrom
  7776 | Abyss:2  | Found a corrupted altar of Lugonu.
  7815 | Abyss:2  | Noticed a tentacled starspawn
  7822 | Abyss:2  | Noticed a thrashing horror
  7915 | Abyss:2  | Reached skill level 4 in Invocations
  7916 | Abyss:2  | Your magical essence is drained by the effort!
  7992 | Abyss:2  | Noticed a great orb of eyes
  8027 | Abyss:2  | Noticed a sixfirhy
  8036 | Abyss:2  | Lost intelligence.
  8047 | Abyss:2  | Found a corrupted altar of Lugonu.
  8054 | Abyss:2  | Found a corrupted altar of Lugonu.
  8074 | Abyss:2  | Got a shimmering rapier
  8098 | Abyss:2  | Lost intelligence.
  8106 | Abyss:2  | Noticed a rakshasa
  8106 | Abyss:2  | Noticed a wretched star
  8130 | Abyss:2  | Found a corrupted altar of Lugonu.
  8148 | Abyss:2  | Noticed a tentacled starspawn
  8241 | Abyss:2  | HP: 1/96 [ynoxinul/iron shot (16)]
  8241 | Abyss:2  | Lost dexterity.
  8242 | Abyss:2  | Killed from afar by a ynoxinul

Levels and vault maps discovered:
D:1:      lightli_arrival_statue_moat, layout_basic,
          chequers_serial_rivers_micro_c
D:2:      layout_basic, grunt_temple_overflow_open, dk_noncrumbling_4,
          minmay_pentomino_x4
D:3:      layout_loops_corners, okawaru_altar_gauntlet_db, lemuel_doored_altar,
          first_ration, guppyfry_early_orc_mine
D:4:      layout_rooms, nicolae_overflow_hidden_temple,
          amethyst_overflow_temple_binary, kennysheep_mini_moat
D:5:      black_bear_nest_2, layout_loops_ring, nicolae_zen_rock_garden,
          st_stairs_13, uniq_pikel
D:6:      layout_cave_pods, kennysheep_generic_room_3
D:7:      layout_basic, minmay_temple_entry_poolview, grunt_livestock,
          minmay_misc_feat_square
D:8:      layout_basic, due_lair_maze_entry_diamond,
          gammafunk_ghost_nasty_kobolds, st_stairs_3
Temple:   eino_temple_lava
Abyss:1
Abyss:2

Skill      XL: |  1  2  3  4  5  6  7  8  9 10 |
---------------+-------------------------------+-----
Fighting       | 3 4 5 6 |  6.6
Axes           | 3 4 5 6 7 |  7.4
Armour         | 4 5 6 8 |  8.0
Shields        | 4 5 6 7 |  7.9
Dodging        | 1 2 3 5 6 |  6.6
Invocations    | 4 |  4.4

Action                   |  1- 3 |  4- 6 |  7- 9 | 10-12 || total
-------------------------+-------+-------+-------+-------++-------
Melee: War axe           |   100 |     5 |       |       ||   105
       Hand axe          |       |   176 |   378 |    74 ||   628
 Abil: Heal Wounds       |       |     7 |     9 |    42 ||    58
  Use: Scroll            |       |       |     6 |    12 ||    18
       Potion            |       |       |       |     7 ||     7
  Eat: Chunk             |     3 |     5 |    12 |     1 ||    21
       Ration            |       |       |       |     1 ||     1
Armor: Scale mail        |    63 |    74 |    96 |   109 ||   342
       Skin              |       |       |       |    14 ||    14
Dodge: Dodged            |    32 |    56 |   129 |    96 ||   313
Block: Shield            |    59 |    83 |   233 |   199 ||   574

Table legend:
 A = Non-vault XP
 B = Vault XP
 C = Vault XP percentage of total XP
 D = Non-vault monster count
 E = Vault monster count
 F = Vault count percentage of total count
                 A         B        C        D         E       F
            +---------+---------+-------+---------+---------+-------
      Total |    4192 |    2293 |  35.4 |     138 |      29 |  17.4
            +---------+---------+-------+---------+---------+-------
        D:1 |      13 |       0 |   0.0 |       9 |       0 |   0.0
        D:2 |      32 |      15 |  31.9 |       6 |       3 |  33.3
        D:3 |     106 |      66 |  38.4 |      25 |      13 |  34.2
        D:4 |     384 |       0 |   0.0 |      15 |       0 |   0.0
        D:5 |     692 |     911 |  56.8 |      20 |       4 |  16.7
        D:6 |    1411 |      39 |   2.7 |      36 |       1 |   2.7
        D:7 |    1057 |     965 |  47.7 |      23 |       5 |  17.9
        D:8 |     103 |     297 |  74.2 |       1 |       3 |  75.0
    Abyss:1 |     127 |       0 |   0.0 |       1 |       0 |   0.0
    Abyss:2 |     267 |       0 |   0.0 |       2 |       0 |   0.0
            +---------+---------+-------+---------+---------+-------
